[Event "*** Titled Tuesday Blitz"]
[Site "Chess.com"]
[Date "2020.04.14"]
[Round "7"]
[White "Anna_ChessMate"]
[Black "maxip32"]
[Result "1-0"]
[WhiteElo "2605"]
[BlackElo "2424"]
[TimeControl "180+1"]
[EndTime "11:13:49 PDT"]
[Termination "Anna_ChessMate won on time"]

1. d4 Nf6 2. c4 g6 3. Nf3 Bg7 4.
g3 O-O 5. Bg2 d6 6. Nc3 Nbd7 7.
O-O e5 8. e4 exd4 9. Nxd4 Nc5 10. h3 Re8 11. Re1 a5 12. b3 Bd7 13. Bb2 Qc8 14. Kh2 Re5 15. g4 h5 16. f4 Re8 17.
g5 Nh7 18. Nd5 Be6 19. Nxe6 Rxe6 20. Bxg7 Kxg7 21. Qd4+ Kg8 22. f5 Re8 23. fxg6 fxg6 24. h4 Ne6 25. Qc3 Qd7 26. Bh3 Rad8 27. Rf1 Qg7 28.
Nf6+ Nxf6 29. gxf6 Qf7 30. Rg1 Kh7 31. Raf1 Nc5 32.
Rxg6 Nxe4 33. Qc2 Kxg6 34. Bf5+ 1-0

[Event "*** Titled Tuesday Blitz"]
[Site "Chess.com"]
[Date "2020.04.14"]
[Round "7"]
[White "ahappypawn"]
[Black "korbul"]
[Result "0-1"]
[WhiteElo "2328"]
[BlackElo "2524"]
[TimeControl "180+1"]
[EndTime "11:13:49 PDT"]
[Termination "korbul won by resignation"]

1. c4 e6 2. Nc3 d5 3. d4 Nf6 4.
cxd5 exd5 5. Bg5 Be7 6. e3 c6 7. Bd3 Nbd7 8. Nge2 h6 9. Bh4 Nh5 10. Bxe7 Qxe7 11. Qd2 Nb6 12. b3 O-O 13. Rg1 f5 14. O-O-O a5 15. a4 Be6 16. h3 Nf6 17. Nf4 Ne4 18.
Bxe4 fxe4 19. Kb2 Rf6 20. g4 g5 21. Nh5 Rf7 22. Rg2 Raf8 23. Rh1 Qb4 24. Ka2 c5 25. dxc5 d4 26. Qxd4 Qxb3+ 27. Ka1 Nc4 28. Rb1 Qa3+ 29. Na2 Ne5 30. Rb2 Nd3 31. Qc3 Qxb2+ 32. Qxb2 Nxb2 33.
Kxb2 Rxf2+ 34. Rxf2 Rxf2+ 35. Kc3 Rxa2 36. Nf6+ Kf7 37.
Nxe4 Rxa4 38. Nd6+ Kg6 39. Nxb7 Rc4+ 40. Kd3 Rc1 41. Kd4 a4 42. Nd8 Bg8 0-1

[Event "*** Titled Tuesday Blitz"]
[Site "Chess.com"]
[Date "2020.04.14"]
[Round "7"]
[White "ridnani2021"]
[Black "ntmh281"]
[Result "1-0"]
[WhiteElo "1833"]
[BlackElo "2280"]
[TimeControl "180+1"]
[EndTime "11:13:50 PDT"]
[Termination "ridnani2021 won on time"]

1. e4 c5 2. Nc3 g6 3. d3 Bg7 4.
g3 Nc6 5. Nge2 Nf6 6. Bg2 d6 7. Be3 O-O 8. h4 e5 9. h5 Nxh5 10. Qd2 Nd4 11. Nd5 Bg4 12. Nxd4 exd4 13. Bh6 Re8 14.
f3 Be6 15. O-O-O Bxd5 16. exd5 Qf6 17. Rxh5 gxh5 18. Bg5 Qg6 19. Rh1 Re5 20. f4 Ree8 21. Bf3 Qf5 22. Bxh5 Qxd5 23. Qh2 Qxa2 24. Bxf7+ Kxf7 25.
Qh5+ Kf8 26. Bh6 Qa1+ 27. Kd2 Qa5+ 28. Kd1 Qc7 29. Bg5 Qf7 30. Qxh7 1-0

[Event "*** Titled Tuesday Blitz"]
[Site "Chess.com"]
[Date "2020.04.14"]
[Round "7"]
[White "Kumi29"]
[Black "PowerThinking2650"]
[Result "0-1"]
[WhiteElo "2402"]
[BlackElo "2221"]
[TimeControl "180+1"]
[EndTime "11:13:51 PDT"]
[Termination "PowerThinking2650 won on time"]

1. d4 Nf6 2. Bg5 g6 3. Bxf6 exf6 4. c4 f5 5. g3 Bg7 6. Bg2 O-O 7. e3 d6 8. Ne2 c6 9. Nbc3 Nd7 10. O-O h5 11. b4 a6 12. a4 Nf6 13.
b5 Bd7 14. Rb1 h4 15. bxc6 bxc6 16. Nf4 hxg3 17. hxg3 Re8 18. Rb7 Ng4 19. Qb3 Bh6 20.
Rb1 Bxf4 21. exf4 Rc8 22. Qb6 Qe7 23. Qa7 Rcd8 24. Bxc6 Nxf2 25. Nd5 Nh3+ 26. Kh1 Qe4+ 27. Kh2 Qe2+ 28. Kxh3 Kg7 0-1

[Event "*** Titled Tuesday Blitz"]
[Site "Chess.com"]
[Date "2020.04.14"]
[Round "7"]
[White "Ave_Mariia"]
[Black "tgpgoat"]
[Result "1-0"]
[WhiteElo "2301"]
[BlackElo "2101"]
[TimeControl "180+1"]
[EndTime "11:13:51 PDT"]
[Termination "Ave_Mariia won by resignation"]

1. d4 Nf6 2. c4 c5 3. d5 b5 4.
cxb5 a6 5. bxa6 Bxa6 6. Nc3 d6 7. g3 g6 8. Bg2 Bg7 9. Nf3 O-O 10. O-O Nbd7 11.
Rb1 Nb6 12. b3 Bb7 13. e4 Ra7 14. Bb2 Nfd7 15. a4 c4 16. Nb5 Ra8 17. Bxg7 Kxg7 18. Ra1 cxb3 19. a5 b2 20. Qd4+ Kg8 21. Qxb2 Nc4 22.
Qb4 Nxa5 23. Nbd4 Nc5 24. Nd2 Qc7 25. Rfc1 Rfb8 26. Nb5 Qb6 27. Bf1 Bc8 28. Qd4 Bd7 29. Rab1 Qd8 30. e5 Bxb5 31. Bxb5 Ncb3 32. Nxb3 Rxb5 33. Nxa5 Rbxa5 34. e6 f6 35. Rb7 R5a7 36. Rxa7 Rc8 37. Raa1 Rxc1+ 1-0

[Event "*** Titled Tuesday Blitz"]
[Site "Chess.com"]
[Date "2020.04.14"]
[Round "7"]
[White "K_A_S_T_O_R"]
[Black "moro182"]
[Result "0-1"]
[WhiteElo "2817"]
[BlackElo "2694"]
[TimeControl "180+1"]
[EndTime "11:13:52 PDT"]
[Termination "moro182 won on time"]

1. e4 e5 2. Nf3 Nc6 3. Bb5 a6 4. Ba4 Nf6 5. O-O b5 6. Bb3 Bc5 7. c3 d6 8. d4 Bb6 9. a4 Rb8 10.
axb5 axb5 11. Na3 O-O 12. Nxb5 Bg4 13. h3 Bxf3 14. gxf3 Nh5 15. f4 Nxf4 16. Bxf4 exf4 17. Ba4 Ne7 18. b4 Ng6 19. Qg4 Qf6 20. Na3 Bxd4 21. cxd4 Qxd4 22. Nc2 Qxe4 23. Rfe1 Qc4 24. Qe2 Qc3 25. Ra3 Qf6 26. Qe4 Ne5 27. Kh2 Qh4 28. Qg2 Ra8 29. Rg1 g6 30. Bb5 Rxa3 31. Nxa3 f3 32. Qg3 Qxb4 33. Ra1 Qb2 34. Qg1 Ra8 0-1

[Event "*** Titled Tuesday Blitz"]
[Site "Chess.com"]
[Date "2020.04.14"]
[Round "7"]
[White "GM4life"]
[Black "karwowskikacper"]
[Result "1-0"]
[WhiteElo "2194"]
[BlackElo "2332"]
[TimeControl "180+1"]
[EndTime "11:13:52 PDT"]
[Termination "GM4life won by resignation"]

1. e4 c5 2. Nf3 e6 3. d4 cxd4 4. Nxd4 Nc6 5. Nc3 a6 6. Nxc6 bxc6 7. Bd3 d5 8. f4 Bc5 9. Qg4 g6 10. Bd2 Nf6 11. Qf3 Rb8 12. e5 Nd7 13. Na4 Bd4 14. c3 Ba7 15. Be3 Bxe3 16. Qxe3 Qa5 17. b3 c5 18. O-O Bb7 19. c4 d4 20. Qe2 Bc6 21. Nb2 h5 22. Be4 Qc7 23. Nd3 Bxe4 24.
Qxe4 Qb7 25. Qe2 h4 26. Nf2 Ke7 27. Ne4 h3 28. Rae1 hxg2 29. Qxg2 Rh5 30. Rf3 Rbh8 31.
h3 Qc6 32. Re2 Rf5 33. Ng3 Qa8 34. Nxf5+ exf5 35. Rf1 Ke6 36. Rf3 a5 37. Rg3 Rh6 38.
Qxa8 1-0

[Event "*** Titled Tuesday Blitz"]
[Site "Chess.com"]
[Date "2020.04.14"]
[Round "7"]
[White "tonyq11"]
[Black "Jbd735"]
[Result "0-1"]
[WhiteElo "2240"]
[BlackElo "2425"]
[TimeControl "180+1"]
[EndTime "11:13:52 PDT"]
[Termination "Jbd735 won by checkmate"]

1. d4 d5 2. c4 c6 3. Nf3 e6 4.
Nc3 Nf6 5. e3 Nbd7 6. Qc2 Bd6 7.
b3 O-O 8. Be2 Qe7 9. Bb2 dxc4 10.
bxc4 e5 11. O-O Re8 12. a4 e4 13. Nd2 Nf8 14. c5 Bc7 15. Rfd1 Ng6 16. Nc4 Bg4 17.
a5 a6 18. h3 Bf5 19. Na4 Qe6 20. Bf1 Nh4 21. Nab6 Rad8 22. Bc3 Nd5 23. Nxd5 cxd5 24. Nb6 Bb8 25. Bb4 Qc6 26. Qa4 Qc7 27. g3 Nf3+ 28. Kg2 Re6 29. Be2 Bg4 30. Ra2 Bxh3+ 31. Kxh3 Rh6+ 32.
Kg2 Rh2+ 33. Kf1 Rxf2+ 34. Kxf2 Qxg3+ 35. Kf1 Qg1# 0-1

[Event "*** Titled Tuesday Blitz"]
[Site "Chess.com"]
[Date "2020.04.14"]
[Round "7"]
[White "Andro2"]
[Black "vovachesss"]
[Result "0-1"]
[WhiteElo "2418"]
[BlackElo "2596"]
[TimeControl "180+1"]
[EndTime "11:13:54 PDT"]
[Termination "vovachesss won on time"]

1. d4 Nf6 2. Nc3 d5 3. Bf4 Bf5 4. f3 e6 5. g4 Bg6 6. h4 h6 7. h5 Bh7 8. e3 c5 9. Nb5 Na6 10. c3 Be7 11. a4 O-O 12. Bd3 cxd4 13. exd4 Re8 14. Ne2 Bxd3 15. Qxd3 Nd7 16. Kf2 e5 17.
dxe5 Bc5+ 18. Kg2 Nxe5 19. Bxe5 Rxe5 20. Nbd4 Qe7 21. Ng3 Re8 22. Ndf5 Qg5 23. Rhf1 Qf4 24. Rad1 Bb6 25. Nd4 Bc7 26. Rde1 Rxe1 27. Ndf5 R1e5 28. Rf2 Rxf5 29. Nxf5 Qh2+ 0-1

[Event "*** Titled Tuesday Blitz"]
[Site "Chess.com"]
[Date "2020.04.14"]
[Round "7"]
[White "Enriquack"]
[Black "wannabe2700"]
[Result "0-1"]
[WhiteElo "2286"]
[BlackElo "2637"]
[TimeControl "180+1"]
[EndTime "11:13:54 PDT"]
[Termination "wannabe2700 won by checkmate"]

1. e4 e6 2. d4 d5 3. Nc3 Nf6 4. Bg5 Be7 5. e5 Nfd7 6. h4 h6 7. Bxe7 Qxe7 8. f4 a6 9. Nf3 c5 10. Qd2 Nc6 11. O-O-O b5 12. Ne2 c4 13. f5 exf5 14.
Nf4 Nb6 15. h5 b4 16. Rh3 a5 17. Rg3 Rg8 18. e6 Bxe6 19. Re1 O-O-O 20. Nxe6 fxe6 21.
Rg6 Rd6 22. Qf4 Nd7 23. b3 cxb3 24. axb3 Nf6 25. Ba6+ Kd8 26. Ne5 Qc7 27. Bb5 Nxe5 28. dxe5 Rb6 29. Qd4 Ne4 30. Bd3 Kc8 31. Bxe4 fxe4 32.
Rf1 Kb8 33. Kb2 Rc8 34. Ra1 Qxc2# 0-1

[Event "*** Titled Tuesday Blitz"]
[Site "Chess.com"]
[Date "2020.04.14"]
[Round "7"]
[White "BillCoe"]
[Black "GodDMuhammad"]
[Result "0-1"]
[WhiteElo "2060"]
[BlackElo "2236"]
[TimeControl "180+1"]
[EndTime "11:13:54 PDT"]
[Termination "GodDMuhammad won by checkmate"]

1. e4 e5 2. Nf3 f5 3. Nxe5 Qf6 4.
d4 d6 5. Nc4 fxe4 6. Be2 d5 7.
Ne3 c6 8. O-O Be6 9. c4 Bd6 10. b3 Ne7 11. Bg4 O-O 12. Bxe6+ Qxe6 13. Nc3 Nd7 14. Qg4 Nf5 15. Nxf5 Rxf5 16. cxd5 cxd5 17.
Nd1 Nf6 18. Qh3 Re8 19. Ne3 Rh5 20. Qxe6+ Rxe6 21. h3 Bb4 22. Bb2 Rg5 23. Rac1 Nh5 24. Rc8+ Kf7 25. Rc7+ Re7 26. Rfc1 Nf4 27. Rxe7+ Kxe7 28. Rc7+ Kd8 29. Rxb7 Bd2 30. h4 Rg6 31. Rxa7 Bxe3 32.
fxe3 Nxg2 33. h5 Rg5 34. Kf2 Nh4 35. h6 gxh6 36. Ba3 Rg2+ 37. Kf1 Kc8 38. Rxh7 Rxa2 39. Bc5 Nf5 40. b4 Nxe3+ 41. Ke1 Ng2+ 42. Kf1 e3 43. Re7 Rf2+ 44. Kg1 Rb2 45. Re5 h5 46. Rxh5 Ne1 47.
Rh8+ Kb7 48. Re8 Nf3+ 49. Kf1 Rf2# 0-1

[Event "*** Titled Tuesday Blitz"]
[Site "Chess.com"]
[Date "2020.04.14"]
[Round "7"]
[White "machupichu10"]
[Black "mitrabhaa"]
[Result "1-0"]
[WhiteElo "2808"]
[BlackElo "2631"]
[TimeControl "180+1"]
[EndTime "11:13:55 PDT"]
[Termination "machupichu10 won by resignation"]

1. d4 Nf6 2. Nf3 b6 3. g3 Bb7 4. Bg2 c5 5. O-O cxd4 6. Nxd4 Bxg2 7. Kxg2 Nc6 8. c4 Rc8 9. b3 Nxd4 10. Qxd4 d5 11. Nc3 dxc4 12. Qxd8+ Kxd8 13. Bf4 e6 14. Rfd1+ Ke8 15. Nb5 Bc5 16. Nxa7 Ra8 17. Nb5 Ke7 18. bxc4 Ra4 19. Bd6+ Bxd6 20. Rxd6 Rb8 21. Rc6 Ne8 22. c5 Rb4 23. a4 bxc5 24. Rxc5 Ra8 25. a5 Ra6 26. h4 h6 27. h5 Rb2 28. Nd4 Nd6 29. Rc6 Ra7 30. a6 Nb5 31. Rb6 Nxd4 32. Rxb2 Kd7 33. Rb7+ Rxb7 34. axb7 Kc7 35. Rd1 Nc6 36.
Rb1 Kb8 37. e3 Nd8 38. Rd1 Nxb7 39. Rd7 1-0

[Event "*** Titled Tuesday Blitz"]
[Site "Chess.com"]
[Date "2020.04.14"]
[Round "7"]
[White "LuckSlayeer"]
[Black "jaskol95"]
[Result "1-0"]
[WhiteElo "2576"]
[BlackElo "2400"]
[TimeControl "180+1"]
[EndTime "11:13:55 PDT"]
[Termination "LuckSlayeer won by checkmate"]

1. Nf3 Nf6 2. c4 g6 3. Nc3 Bg7 4. e4 d6 5. d4 O-O 6. Be2 Nc6 7. O-O e5 8. d5 Ne7 9. b4 a5 10. Ba3 axb4 11. Bxb4 b6 12. a4 Nh5 13. a5 bxa5 14. Rxa5 Rxa5 15. Bxa5 f5 16. Nb5 fxe4 17. Ng5 Nc6 18. Ne6 Bxe6 19. Bxc7 Qg5 20. dxe6 Nf4 21. g3 Nd4 22. Nxd4 exd4 23. Bxd6 Nxe6 24. Bxf8 Bxf8 25. Bg4 Nc5 26. h4 Qe5 27. Re1 Bd6 28. Bf3 e3 29.
Bd5+ Kg7 30. Qf3 Nd3 31. Re2 exf2+ 32. Kf1 Qxg3 33. Re7+ Kh6 34. Qf8+ Kh5 35. Rxh7+ Kg4 36. Be6# 1-0

[Event "*** Titled Tuesday Blitz"]
[Site "Chess.com"]
[Date "2020.04.14"]
[Round "7"]
[White "nickmatta"]
[Black "Borsuk_Konstantin"]
[Result "0-1"]
[WhiteElo "2314"]
[BlackElo "2486"]
[TimeControl "180+1"]
[EndTime "11:13:57 PDT"]
[Termination "Borsuk_Konstantin won on time"]

1. d4 Nf6 2. c4 e6 3. Nc3 Bb4 4. Qc2 O-O 5. Nf3 d6 6. Bd2 b6 7.
e4 e5 8. a3 Bxc3 9. Bxc3 Bb7 10. d5 a5 11. b4 axb4 12. axb4 Rxa1+ 13. Bxa1 Nbd7 14. Bd3 Nh5 15. O-O Nf4 16. Bc3 Qf6 17. Re1 Bc8 18. Bf1 Qg6 19. Nh4 Qf6 20. Nf5 g6 21.
Ne3 Qg5 22. g3 Nf6 23. h4 Qh6 24. Bd2 Qh5 25. gxf4 exf4 26. Ng2 f3 27. Bf4 fxg2 28.
Bxg2 Qxh4 29. Bg3 Qh5 30. e5 Bf5 31. Qd2 Ne8 32. Qf4 Bd3 33. Bf3 Qf5 34. Qe3 Bxc4 35. e6 fxe6 36. Bg2 Bxd5 37. Bxd5 Qxd5 0-1

[Event "*** Titled Tuesday Blitz"]
[Site "Chess.com"]
[Date "2020.04.14"]
[Round "7"]
[White "Belgrade"]
[Black "dennisodessa"]
[Result "0-1"]
[WhiteElo "2078"]
[BlackElo "2305"]
[TimeControl "180+1"]
[EndTime "11:13:57 PDT"]
[Termination "dennisodessa won on time"]

1. e4 e6 2. Nf3 d5 3. Nc3 Nf6 4. e5 Nfd7 5. d4 c5 6. dxc5 Nc6 7. Bf4 Nxc5 8. Bb5 Bd7 9. O-O Be7 10. Bg3 a6 11. Be2 b5 12. a3 Rc8 13. Re1 Na5 14.
b4 Ncb7 15. Nxd5 exd5 16. bxa5 Be6 17. Nd4 Nxa5 18. Nxe6 fxe6 19. Bh5+ g6 20. Bg4 Qd7 21. h4 Qc6 22. h5 gxh5 23. Bxh5+ Kd7 24. Bg4 Rhg8 25.
a4 bxa4 26. c4 Nxc4 27. Bh3 a3 28. Qd4 Qc5 29. Qf4 Rcf8 30. Bxe6+ Kxe6 31. Qh6+ Rg6 32. Qh3+ Kf7 33. e6+ Kg8 34. Rac1 Rff6 35. Rc2 a5 0-1

[Event "*** Titled Tuesday Blitz"]
[Site "Chess.com"]
[Date "2020.04.14"]
[Round "7"]
[White "ljuks68"]
[Black "Donseng"]
[Result "0-1"]
[WhiteElo "2350"]
[BlackElo "2530"]
[TimeControl "180+1"]
[EndTime "11:13:58 PDT"]
[Termination "Donseng won by checkmate"]

1. e4 c5 2. Nf3 e6 3. d4 cxd4 4. Nxd4 a6 5. Bd3 Bc5 6. Nb3 Be7 7. Qg4 g6 8. Qe2 d6 9. Nc3 Nd7 10. Be3 Ngf6 11. Bh6 Bf8 12. Bxf8 Kxf8 13. O-O-O b5 14. a3 Bb7 15. Kb1 Rc8 16. f4 Rxc3 17. bxc3 Qc7 18. Qe1 Kg7 19. h4 h5 20. f5 Ne5 21. fxe6 fxe6 22. Nd4 Bc8 23. Rf1 Rf8 24. Qd2 Rf7 25. Rf2 Neg4 26. Rf3 Qc5 27. Kb2 Ne5 28. Rf4 Neg4 29. Nb3 Qe5 30. Rdf1 Bb7 31. Qe2 Rc7 32.
Qf3 Qxc3+ 33. Ka2 a5 34. Nxa5 Ba8 35. Nb3 b4 36. a4 Ra7 37. a5 Bc6 38. Qe2 Ba4 39.
e5 Bxb3+ 40. cxb3 Rxa5+ 41. Kb1 Ra1# 0-1

[Event "*** Titled Tuesday Blitz"]
[Site "Chess.com"]
[Date "2020.04.14"]
[Round "7"]
[White "PchelkinVK"]
[Black "LileKoridze"]
[Result "0-1"]
[WhiteElo "2445"]
[BlackElo "2296"]
[TimeControl "180+1"]
[EndTime "11:13:58 PDT"]
[Termination "LileKoridze won on time"]

1. d4 Nf6 2. Nc3 d5 3. Bf4 e6 4. Nf3 Be7 5. e3 O-O 6. Bd3 c6 7. Qe2 Nbd7 8. O-O b6 9. e4 dxe4 10. Nxe4 Bb7 11. Neg5 h6 12. Nxe6 fxe6 13. Qxe6+ Rf7 14.
Bg6 Qf8 15. Rfe1 Re8 16. Ne5 Nxe5 17. Rxe5 Bd8 18. Bxf7+ Qxf7 19. Qxf7+ Kxf7 20. Rae1 Rxe5 21. Bxe5 c5 22. dxc5 bxc5 23. f3 Bb6 24. c3 Nd7 25.
Bd6 Bd8 26. c4 Bf6 27. b3 Bd4+ 28. Kf1 Bc6 29. Re7+ Kf6 30. Re8 Kf7 31. Re7+ Kf6 32. Re8 Nb6 33. Rb8 Ke6 34. Bf8 Kd7 35. Ke2 Kc7 36.
Bxg7 Kxb8 37. Bxh6 Kc7 38. Bf4+ Kd7 39. g4 Ke6 40. h4 Nd7 41. Bc7 Nf6 42. Bb8 Nd7 43. Bxa7 Ne5 44. h5 Bxf3+ 45. Kd2 Bxg4 46. h6 Bf5 47. a3 Nc6 48. Bb6 Bf6 0-1

[Event "*** Titled Tuesday Blitz"]
[Site "Chess.com"]
[Date "2020.04.14"]
[Round "7"]
[White "RestartingChess"]
[Black "maxsergej"]
[Result "1-0"]
[WhiteElo "2384"]
[BlackElo "2232"]
[TimeControl "180+1"]
[EndTime "11:13:58 PDT"]
[Termination "RestartingChess won on time"]

1. e4 c5 2. d3 Nc6 3. Nd2 g6 4. g3 Bg7 5. Bg2 e6 6. Ngf3 d6 7. O-O Nge7 8. c3 O-O 9. Re1 Qc7 10. Nf1 Rb8 11. Ne3 b5 12. Ng4 e5 13. Nh6+ Kh8 14. h4 b4 15. g4 bxc3 16. bxc3 Ng8 17. Nxg8 Kxg8 18. h5 Bxg4 19. h6 Bf6 20. Re3 Qa5 21. Qc2 Rb7 22. Nh2 Be6 23. Rf3 Bd8 24. Bh3 Bxh3 25. Rxh3 f5 26. Nf3 fxe4 27. dxe4 Rbf7 28.
Qd3 Be7 29. Bg5 Qc7 30. Qd5 Kh8 31. Qd3 Qd7 32. Rg3 Qe6 33. Rb1 c4 34. Qe2 d5 35.
Rb7 Bxg5 36. Nxg5 1-0

[Event "*** Titled Tuesday Blitz"]
[Site "Chess.com"]
[Date "2020.04.14"]
[Round "7"]
[White "Halvard"]
[Black "Manukyan_Artak"]
[Result "0-1"]
[WhiteElo "2098"]
[BlackElo "2329"]
[TimeControl "180+1"]
[EndTime "11:13:58 PDT"]
[Termination "Manukyan_Artak won on time"]

1. e4 c5 2. a3 g6 3. b4 Bg7 4. Nc3 d6 5. g3 Nc6 6. Rb1 Nf6 7. Bg2 e5 8. Nge2 h5 9. h3 Nd4 10. d3 a5 11. O-O h4 12. g4 cxb4 13. axb4 Nd7 14.
f4 axb4 15. Rxb4 Nc5 16. f5 Bf6 17. fxg6 fxg6 18. Nd5 O-O 19. g5 Bxg5 20. Rxf8+ Kxf8 21. Nxd4 exd4 22. Qf3+ Kg7 23. Bxg5 Qxg5 24. Rb6 Ra1+ 25. Kh2 Qe5+ 26. Qf4 Be6 27. Qxe5+ dxe5 28. Nc7 Bf7 29. Nb5 Rb1 30. Bf3 Rb2 31. Bg4 Nxd3 32. Rxb7 Nc5 33. Rb6 d3 0-1

[Event "*** Titled Tuesday Blitz"]
[Site "Chess.com"]
[Date "2020.04.14"]
[Round "7"]
[White "Nesty_Javi_Chess"]
[Black "Hanging_pointer"]
[Result "0-1"]
[WhiteElo "2771"]
[BlackElo "2568"]
[TimeControl "180+1"]
[EndTime "11:13:59 PDT"]
[Termination "Hanging_pointer won on time"]

1. e4 c6 2. d4 d5 3. e5 Bf5 4. c3 e6 5. Bd3 Bxd3 6. Qxd3 c5 7.
Ne2 Nc6 8. O-O Nge7 9. Nd2 Nf5 10. Nf3 Be7 11. g4 Nh4 12. Nxh4 Bxh4 13. f4 cxd4 14. cxd4 Be7 15. f5 O-O 16. f6 gxf6 17. Bh6 fxe5 18. Bxf8 Bxf8 19. Rxf7 Kxf7 20. Qxh7+ Ke8 21. Rf1 Ne7 22. g5 Kd7 23. g6 exd4 24. Rf7 d3 25. Nc3 Qb6+ 26. Kh1 Qxb2 27. g7 Bxg7 28. Rxe7+ Kxe7 29.
Qxg7+ Kd8 30. Qh8+ Kd7 31. Qxa8 Qxc3 32. Qxb7+ Kd6 33. Qb8+ Kc5 34. Qxa7+ Kc4 35. Qa6+ Kd4 36. Qb6+ Qc5 37. Qb2+ Ke3 38. Qe5+ Kd2 39. h4 Kc2 40. h5 d2 41. Qe2 Qc4 42. Qf2 Qe4+ 43. Kh2 e5 44. Qc5+ Qc4 45. Qf2 Qf4+ 46. Qxf4 exf4 0-1

[Event "*** Titled Tuesday Blitz"]
[Site "Chess.com"]
[Date "2020.04.14"]
[Round "7"]
[White "LuisFSiles"]
[Black "earling8018"]
[Result "1-0"]
[WhiteElo "2308"]
[BlackElo "2031"]
[TimeControl "180+1"]
[EndTime "11:13:59 PDT"]
[Termination "LuisFSiles won on time"]

1. d4 d5 2. c4 e6 3. Nc3 Nf6 4. cxd5 exd5 5. Bg5 Be7 6. e3 O-O 7. Qc2 c6 8. Bd3 Nbd7 9. Nge2 Re8 10. O-O Nf8 11. Rad1 Ng6 12. f3 Nh5 13. Bxe7 Qxe7 14. e4 Nhf4 15. e5 Qg5 16. g3 Nh3+ 17. Kh1 Qe3 18.
Kg2 Qh6 19. f4 Bg4 20. Rde1 Nf8 21. Qc1 f5 22. Qe3 Ne6 23. Ng1 Nxg1 24. Kxg1 Qh3 25. Rf2 h5 26. Bf1 Kf7 27. Bxh3 Bxh3 28. b4 b5 29. Rc1 a5 30. bxa5 Rxa5 31. Nd1 Rea8 32. Rxc6 Ra3 33. Qc1 Rxa2 34. Rxe6 Kxe6 35. Qc6+ Kf7 36.
Qxd5+ Kf8 37. Rxa2 1-0

[Event "*** Titled Tuesday Blitz"]
[Site "Chess.com"]
[Date "2020.04.14"]
[Round "7"]
[White "want2lose"]
[Black "INLOVEWITHF"]
[Result "1/2-1/2"]
[WhiteElo "2755"]
[BlackElo "2593"]
[TimeControl "180+1"]
[EndTime "11:14:00 PDT"]
[Termination "Game drawn by repetition"]

1. Nf3 Nf6 2. g3 g6 3. Bg2 Bg7 4. O-O O-O 5. c4 d6 6. d4 Nc6 7. d5 Na5 8. Nfd2 c5 9. Nc3 Rb8 10. Rb1 a6 11. b3 b5 12. Qc2 e6 13. Bb2 exd5 14. Nxd5 Nxd5 15. Bxg7 Kxg7 16. Bxd5 Qf6 17. Rbd1 Bf5 18. Be4 Bh3 19. Rfe1 Rfe8 20. Qd3 Rb6 21. Bd5 Bf5 22. e4 Bg4 23. f3 Bd7 24. f4 Bg4 25.
Rc1 bxc4 26. Nxc4 Nxc4 27. Bxc4 a5 28. Kg2 a4 29. Bb5 Rxb5 30. Qxb5 Qb2+ 31. Kg1 Qd4+ 32. Kg2 Qd2+ 33. Kg1 Qd4+ 34. Kg2 Qd2+ 35. Kg1 Qd4+ 1/2-1/2

[Event "*** Titled Tuesday Blitz"]
[Site "Chess.com"]
[Date "2020.04.14"]
[Round "7"]
[White "LuckIsMySkill"]
[Black "TastyTablet"]
[Result "0-1"]
[WhiteElo "2723"]
[BlackElo "2591"]
[TimeControl "180+1"]
[EndTime "11:14:00 PDT"]
[Termination "TastyTablet won by resignation"]

1. Nf3 d5 2. c4 d4 3. b4 c5 4. bxc5 Nc6 5. d3 e5 6. Ba3 Bxc5 7. Bxc5 Qa5+ 8. Nfd2 Qxc5 9. g3 Nf6 10. Bg2 O-O 11. Qb3 Rb8 12. Qa3 Qb4 13. O-O Bg4 14. Re1 Rfc8 15. h3 Bh5 16. g4 Bg6 17. Bxc6 bxc6 18. f3 c5 19. Qxb4 cxb4 20. Nb3 Nd7 21. N1d2 Ra8 22. a3 a5 23. axb4 axb4 24. c5 f6 25. Rxa8 Rxa8 26. c6 Nb6 27. Rc1 Nd5 28. Rc5 Nc7 29.
Rc4 Rb8 30. Rc1 Bf7 31. Ra1 Ra8 32. Rxa8+ Nxa8 33. f4 Bxb3 34. Nxb3 Kf7 35. fxe5 fxe5 36. Kf2 Ke6 37. Kf3 Kd5 38. Na5 Nc7 39. e4+ dxe3 40.
Kxe3 Ne6 41. h4 g6 42. g5 Kd6 43. Nc4+ Kxc6 44. Nxe5+ Kc5 45. Nc4 Kd5 46. Nd2 Nd4 47. Nc4 b3 48. Kd2 Nf3+ 49. Kc3 Nxh4 50. Ne3+ Ke5 51.
Ng4+ Kf5 52. Nf6 h5 53. Ne4 Nf3 54. Kxb3 Nxg5 55. Nf2 h4 56. d4 Ne4 57. Nh1 g5 58. Kc4 g4 59. Kd3 g3 60. Ke2 g2 0-1

[Event "*** Titled Tuesday Blitz"]
[Site "Chess.com"]
[Date "2020.04.14"]
[Round "7"]
[White "Skatchkov_V"]
[Black "krzyzan94"]
[Result "0-1"]
[WhiteElo "2557"]
[BlackElo "2702"]
[TimeControl "180+1"]
[EndTime "11:14:00 PDT"]
[Termination "krzyzan94 won by resignation"]

1. d4 Nf6 2. c4 e6 3. Nf3 d5 4. Nc3 Be7 5. e3 O-O 6. Bd3 dxc4 7. Bxc4 b6 8. O-O Bb7 9. b3 c5 10. Bb2 a6 11. dxc5 bxc5 12. Qe2 Nc6 13. Rfd1 Qc7 14.
Rac1 Rfd8 15. Rxd8+ Qxd8 16. Rd1 Qc7 17. Bd3 Nb4 18.
Bb1 Rd8 19. Rc1 Qc6 20. Na4 a5 21. Bd4 Ba6 22. Qb2 Qb5 23. Bxc5 Bxc5 24. Nxc5 Qxc5 25.
a3 Nc6 26. Nd4 Nxd4 27. Rxc5 Ne2+ 28. Qxe2 Bxe2 29. Bc2 Bd1 30. f3 h5 31. Bxd1 Rxd1+ 32.
Kf2 Rd2+ 33. Kg3 Rd3 34. Rxa5 Rxb3 35. e4 Nxe4+ 36. Kh4 Nf6 37. g4 hxg4 38. fxg4 Kh7 0-1

[Event "*** Titled Tuesday Blitz"]
[Site "Chess.com"]
[Date "2020.04.14"]
[Round "7"]
[White "Tonychess32"]
[Black "BakaPG"]
[Result "1-0"]
[WhiteElo "2603"]
[BlackElo "2715"]
[TimeControl "180+1"]
[EndTime "11:14:01 PDT"]
[Termination "Tonychess32 won by resignation"]

1. e4 e6 2. d4 d5 3. Nc3 Nf6 4.
exd5 exd5 5. Bd3 Bd6 6. Nge2 O-O 7. Bg5 c6 8. Qd2 b5 9. O-O h6 10. Bf4 Re8 11. Rfe1 Bf8 12. Ng3 Be6 13. a3 Nbd7 14.
h3 Nb6 15. b3 a5 16. Nf5 b4 17. axb4 axb4 18. Na4 Nxa4 19. bxa4 Ne4 20. Bxe4 dxe4 21. Ne3 f5 22. Red1 g5 23. Be5 f4 24. Ng4 Bxg4 25.
hxg4 Qd5 26. Qe2 c5 27. a5 Re6 28. a6 c4 29. a7 Re7 30. Bb8 f3 31. Qe3 fxg2 32. Kxg2 Rf7 33. Re1 Re7 34. Re2 Re6 35. Rae1 Bd6 36. Bxd6 Qxd6 37. d5 Qxd5 38. Rd2 Qc6 39.
Red1 Ree8 40. Rd6 Qc8 41. Rd7 c3 42. Qd4 Re7 43. Qd5+ Kf8 44. Qf5+ Ke8 45. Qg6+ Kf8 46. Qxh6+ Kg8 47. Qxg5+ 1-0

[Event "*** Titled Tuesday Blitz"]
[Site "Chess.com"]
[Date "2020.04.14"]
[Round "7"]
[White "dukicz123"]
[Black "Onwgs"]
[Result "0-1"]
[WhiteElo "2544"]
[BlackElo "2419"]
[TimeControl "180+1"]
[EndTime "11:14:01 PDT"]
[Termination "Onwgs won by resignation"]

1. e4 c5 2. Nf3 e6 3. d4 cxd4 4. Nxd4 a6 5. Bd3 Bc5 6. Nb3 Ba7 7. O-O Nc6 8. Qe2 d6 9. Be3 Nf6 10. Bxa7 Rxa7 11. f4 e5 12. fxe5 Nxe5 13. Nc3 O-O 14. Rad1 b5 15. Qe3 Re7 16. h3 Bb7 17. Nd4 Ng6 18. Nf5 Re5 19. Qd4 Re6 20. g4 Rfe8 21.
Rde1 d5 22. Nxg7 Kxg7 23. g5 dxe4 24. gxf6+ Kg8 25. Qxd8 Rxd8 26. Bxe4 Rde8 27. Bxb7 Rxe1 28. Bxa6 Rxf1+ 29. Kxf1 b4 30. Nd5 Re4 31. Bd3 Rd4 32.
Ne7+ Kf8 33. Nc6 Rf4+ 34. Kg2 h5 35. Bxg6 fxg6 36. Kg3 g5 37. Ne5 h4+ 38. Kg2 Re4 39. Nd3 Re2+ 40. Kf3 Rxc2 41. Kg4 Rg2+ 42. Kh5 Kf7 43.
Nxb4 Kxf6 44. Nd5+ Ke5 45. Ne3 Rg3 46. Nc4+ Kf4 47.
b4 Rxh3 48. b5 Rh1 49. b6 Rb1 50. a4 h3 51. a5 h2 52. a6 h1=Q+ 53. Kg6 Qe4+ 0-1

[Event "*** Titled Tuesday Blitz"]
[Site "Chess.com"]
[Date "2020.04.14"]
[Round "7"]
[White "joksijoksi"]
[Black "Riptide27"]
[Result "0-1"]
[WhiteElo "2308"]
[BlackElo "2482"]
[TimeControl "180+1"]
[EndTime "11:14:01 PDT"]
[Termination "Riptide27 won on time"]

1. e4 c5 2. Nc3 e6 3. Nge2 Nc6 4. g3 Nf6 5. Bg2 Be7 6. O-O O-O 7. f4 d5 8. e5 Nd7 9. g4 f6 10. exf6 Bxf6 11. Ng3 Nb6 12. d3 a5 13. Kh1 a4 14. g5 Be7 15. h4 Nd4 16. Be3 Bd7 17. Bxd4 cxd4 18. Nce2 Qc7 19. Qd2 Bd6 20. Rf2 e5 21.
Raf1 Rac8 22. fxe5 Bxe5 23. Nf5 Bxf5 24. Rxf5 Rxf5 25.
Rxf5 g6 26. Rf3 Qxc2 27. Qe1 Qxb2 28. Bh3 Re8 29. Qf1 Qa3 30. h5 gxh5 31. g6 hxg6 32.
Qg2 Qd6 0-1